 Dungeon Crawl Stone Soup version 0.18.1-2-ga659475 (webtiles) character file.

11 Jeelzebub the Grave Robber (level 2, 0/19 HPs)
             Began as a Mummy Necromancer on May 9, 2016.
             Slain by a rat (1 damage)
             ... on level 1 of the Dungeon.
             The game lasted 00:00:41 (210 turns).

Jeelzebub the Grave Robber (Mummy Necromancer)       Turns: 210, Time: 00:00:42

Health: 0/19       AC:  2    Str: 11    XL:     2   Next: 13%
Magic:  5/5        EV: 12    Int: 14    God:
Gold:   0          SH:  0    Dex: 12    Spells: 1 memorised, 4 levels left

rFire  x . .     SeeInvis .     c - -3 dagger (curse)
rCold  + . .     Gourm    .     a - +0 robe
rNeg   + + +     Faith    .     (no shield)
rPois  ∞         Spirit   .     (no helmet)
rElec  .         Dismiss  .     (no cloak)
rCorr  .         Reflect  .     (no gloves)
SustAt .         Harm     .     (no boots)
MR     .....                    (no amulet)
Stlth  ++........               (no ring)
                                (no ring)

@: not resistant to hostile enchantments, unstealthy
A: no food or potions, fire vulnerability, cold resistance 1, negative energy
resistance 3, torment resistance, unbreathing
a: no special abilities


You were on level 1 of the Dungeon.
You were not hungry.

You visited 1 branch of the dungeon, and saw 1 of its levels.

Inventory:

Hand Weapons
 c - a cursed -3 dagger (weapon)
   (You found it on level 1 of the Dungeon)
Missiles
 d - 5 tomahawks (quivered)
 e - 2 throwing nets {=f, !d}
Armour
 a - a +0 robe (worn)
Books
 b - a book of Necromancy


   Skills:
 + Level 1.7 Dodging
 + Level 1.5 Stealth
 + Level 2.3 Spellcasting
 + Level 4.1 Necromancy


You had 4 spell levels left.
You knew the following spells:

 Your Spells              Type           Power        Failure   Level  Hunger
a - Pain                  Necr           ##..         4%          1    N/A

Dungeon Overview and Level Annotations

Branches:
Dungeon (1/15)

Altars:


Innate Abilities, Weirdness & Mutations

You do not eat or drink.
Your flesh is vulnerable to fire.
You are immune to poison.
Your flesh is cold resistant.
You are immune to negative energy.
You are immune to unholy pain and torment.
You can survive without breathing.


Message History

The giant newt convulses in agony!
You kill the giant newt!
You now have 0/3 mp.
You start resting.
Your magical contamination has completely faded away.
e - 2 throwing nets {=f, !d}
d - 3 tomahawks (gained 1)
Things that are here:
a short sword; 2 stones; a kobold corpse
d - 5 tomahawks (gained 2)
You see here a robe.
A bat comes into view.
A bat is nearby!
A bat is nearby!
A bat is nearby!
A bat is nearby!
The bat completely misses you.
You are too injured to fight recklessly!
You are too injured to fight recklessly!
The bat closely misses you. The bat hits you.
You hit the bat but do no damage. The bat hits you but does no damage. x2
The bat hits you. x2
You take 2 damage, and have 4/13 hp.
You barely miss the bat. The bat hits you but does no damage. x2
MP restored: 3 You barely miss the bat.
The bat closely misses you. The bat closely misses you. The bat hits you.
* * * LOW HITPOINT WARNING * * *
The bat barely misses you.
You take 1 damage, and have 3/13 hp.
You closely miss the bat. The bat closely misses you.
You barely miss the bat. The bat misses you.
A dart slug comes into view.
The bat hits you but does no damage. The bat barely misses you.
You hit the bat but do no damage. The bat barely misses you.
The bat closely misses you.
You hit the bat but do no damage. The bat hits you.
* * * LOW HITPOINT WARNING * * *
The bat completely misses you.
You hit the bat.
You kill the bat!
You take 1 damage, and have 2/13 hp.
You see here a bat corpse.
You hit the dart slug. The dart slug barely misses you.
You hit the dart slug but do no damage. You hit the dart slug.
The dart slug closely misses you.
You hit the dart slug but do no damage. The dart slug closely misses you.
You hit the dart slug. You barely miss the dart slug.
The dart slug barely misses you.
You hit the dart slug but do no damage. The dart slug closely misses you.
You hit the dart slug. You hit the dart slug but do no damage.
The dart slug bites you but does no damage.
You hit the dart slug but do no damage. The dart slug closely misses you.
You hit the dart slug but do no damage. The dart slug barely misses you.
You hit the dart slug. You hit the dart slug.
You kill the dart slug!
You have reached level 2!
MP restored: 5 A hobgoblin comes into view.
It is wielding a club.
The helpless hobgoblin fails to defend itself.
You hit the hobgoblin. The hobgoblin closely misses you.
You closely miss the hobgoblin. The hobgoblin barely misses you.
You hit the hobgoblin but do no damage. The hobgoblin barely misses you.
You closely miss the hobgoblin.
The hobgoblin hits you but does no damage.
You hit the hobgoblin.
You kill the hobgoblin!
Things that are here:
a club; a hobgoblin corpse A rat comes into view.
Found a stone staircase leading down.
You regained 2 hp, and now have 7/19 hp.
A rat is nearby!
A rat is nearby!
A rat is nearby!
A rat is nearby!
You are too injured to fight recklessly!
You are too injured to fight recklessly!
You are too injured to fight recklessly!
The rat bites you.
* * * LOW HITPOINT WARNING * * *
Found a stone staircase leading down.
You hit the rat. The rat bites you.
* * * LOW HITPOINT WARNING * * *
You take 4 damage, and have 3/19 hp.
MASSIVE DAMAGE!!
Unknown command.
You hit the rat but do no damage. The rat bites you but does no damage.
You hit the rat but do no damage. The rat bites you.
* * * LOW HITPOINT WARNING * * *
You take 1 damage, and have 2/19 hp.
You closely miss the rat. The rat bites you.
* * * LOW HITPOINT WARNING * * *
You hit the rat but do no damage. The rat bites you.
* * * LOW HITPOINT WARNING * * *
You closely miss the rat. The rat bites you.
You die...

#.# ####### #.#
#.#......>..# #.####
#.#.........# #....#
.........(.# ####.#
...........# #.#
.....>.....##### #.#
#.........#...###.#
.#.....r...#.#.....#
.......@# #...#####
##.####.# ##.## #.#
#.# #.# #.#
#.##.#.#####.#
....(.........#
.#......#.#####
####.....# #######


You could see a rat.

Vanquished Creatures
  A dart slug (D:1)
  A giant cockroach (D:1)
  A hobgoblin (D:1)
  2 jackals (D:1)
  A bat (D:1)
  A giant newt (D:1)
  A kobold (D:1)
  A rat (D:1)
9 creatures vanquished.

Notes
Turn   | Place    | Note
--------------------------------------------------------------
     0 | D:1      | Jeelzebub the Mummy Necromancer began the quest for the Orb.
     0 | D:1      | Reached XP level 1. HP: 13/13 MP: 3/3
   128 | D:1      | HP: 3/13 [bat (1)]
   134 | D:1      | HP: 2/13 [bat (1)]
   149 | D:1      | Reached XP level 2. HP: 4/19 MP: 5/5
   205 | D:1      | HP: 3/19 [rat (2)]
   209 | D:1      | HP: 1/19 [rat (1)]
   210 | D:1      | Slain by a rat

Action                   || total
-------------------------++-------
Melee: Dagger            ||    44
       Unarmed           ||     2
Throw: Tomahawk          ||     8
 Cast: Pain              ||     5
 Stab: Sleeping          ||     1
Armor: Robe              ||    12
Dodge: Dodged            ||    33

Vault maps used:
D:1:      ncdulo_lavacross, corexii_item_surrounded_by_moat

Table legend:
 A = Turns spent in this place as a percentage of turns spent in the entire game.
 B = Non-inter-level travel turns spent in this place as a percentage of non-inter-level travel turns spent in the entire game.
 C = Inter-level travel turns spent in this place as a percentage of turns spent in this place.
 D = Turns resting spent in this place as a percentage of non-inter-level travel turns spent in this place.
 E = Turns spent auto-exploring this place as a percentage of non-inter-level travel turns spent in this place.
 F = Non-inter-level travel turns spent in this place divided by the number of levels of this place that you've seen.
                   A       B       C       D       E      F
               +-------+-------+-------+-------+-------+----------------------
         Total | 100.0 | 100.0 |   0.0 |   1.0 |   4.6 | 197.0
       Dungeon | 100.0 | 100.0 |   0.0 |   1.0 |   4.6 | 197.0
               +-------+-------+-------+-------+-------+----------------------

Table legend:
 A = Kills in this place as a percentage of kills in entire the game.
 B = Kills by you in this place as a percentage of kills by you in the entire game.
 C = Kills by friends in this place as a percentage of kills by friends in the entire game.
 D = Other kills in this place as a percentage of other kills in the entire game.
 E = Experience gained in this place as a percentage of experience gained in the entire game.
 F = Experience gained in this place divided by the number of levels of this place that you have seen.
                   A       B       C       D       E      F
               +-------+-------+-------+-------+-------+----------------------
         Total | 100.0 | 100.0 |  -nan |  -nan | 100.0 |  16.0
       Dungeon | 100.0 | 100.0 |  -nan |  -nan | 100.0 |  16.0
               +-------+-------+-------+-------+-------+----------------------
